 Dungeon Crawl Stone Soup version 0.19-a0-811-gf4045fb (webtiles) character file.

25843 Dorikus the Cleaver (level 13, 0/116 HPs)
             Began as a Hill Orc Fighter on June 27, 2016.
             Was the Champion of Okawaru.
             Slain by a skeletal warrior
             ... wielding a cursed +0 battleaxe
              (17 damage)
             ... on level 12 of the Dungeon on June 28, 2016.
             The game lasted 01:40:05 (16066 turns).

Dorikus the Cleaver (Hill Orc Fighter)             Turns: 16066, Time: 01:40:06

Health: 0/116      AC: 19    Str: 22    XL:     13   Next: 22%
Magic:  19/19      EV:  9    Int:  8    God:    Okawaru [******]
Gold:   235        SH: 12    Dex: 12    Spells: 0 memorised, 12 levels left

rFire  + . .     SeeInvis +     T - +8 war axe of the Rattle-Snake {flame, rN+}
rCold  x . .     Gourm    .     E - +3 chain mail
rNeg   + . .     Faith    .     c - +0 shield
rPois  .         Spirit   .     (helmet restricted)
rElec  .         Dismiss  .     (no cloak)
rCorr  +         Reflect  .     K - +1 pair of gloves {archery}
SustAt .         Harm     .     p - +1 pair of boots
MR     .....     Clarity  +     m - amulet of rage
Stlth  ..........               e - ring of fire
                                R - ring of resist corrosion

@: not resistant to hostile enchantments, extremely unstealthy
A: horns 1, talons 1, see invisible, clarity, high mp 1, mutation resistance 1,
screaming 1, MP-powered wands
a: Heroism, Finesse, Renounce Religion, Evoke Berserk Rage


You were on level 12 of the Dungeon.
You worshipped Okawaru.
Okawaru was exalted by your worship.
You were not hungry.

You visited 2 branches of the dungeon, and saw 14 of its levels.
You also visited: Ossuary and Bailey.

You collected 952 gold pieces.
You spent 717 gold pieces at shops.

Inventory:

Hand Weapons
 h - a +1 morningstar
 y - a +2 war axe of chopping
 H - a +6 longbow of freezing
 T - the +8 war axe of the Rattle-Snake (weapon) {flame, rN+}
   (You bought it in a shop on level 9 of the Dungeon)

   It has been specially enchanted to burn those struck by it, causing extra
   injury to most foes and up to half again as much damage against particularly
   susceptible opponents.
   Big, fiery blades are also staple armaments of hydra-hunters.
   It protects you from negative energy.
Missiles
 j - 423 arrows
Armour
 c - a +0 shield (worn)
 p - a +1 pair of boots (worn)
 E - a +3 chain mail (worn)
 K - a +1 pair of gloves of archery (worn)
Jewellery
 e - a ring of fire (right hand)
 m - an amulet of rage (around neck)
 R - a ring of resist corrosion (left hand)
Wands
 a - a wand of polymorph (4/24)
 d - a wand of polymorph (8/24)
 k - a wand of lightning (8/15)
 r - a wand of flame (24/48)
 u - a wand of digging (24/24)
 z - a wand of disintegration (10/24)
 F - a wand of digging (13/24)
 J - a wand of flame (35/48)
 M - a wand of iceblast (1/15)
 S - a wand of flame (7/48)
 V - a wand of lightning (6/15)
 Y - a wand of paralysis (12/24)
Scrolls
 n - a scroll of enchant armour
 q - 3 scrolls of amnesia
 t - 4 scrolls of magic mapping
 w - 12 scrolls of remove curse
Potions
 b - a potion of haste
 g - a potion of invisibility {unknown}
 i - 2 potions of lignification
 o - 2 potions of cure mutation
 s - a potion of cancellation {unknown}
 v - 3 potions of resistance
 B - a potion of ambrosia
 L - 2 potions of might
 O - 2 potions of beneficial mutation {unknown}
 P - 2 potions of magic {unknown}
 Q - 2 potions of berserk rage
 Z - 2 potions of agility {unknown}
Miscellaneous
 D - a sack of spiders
 G - a fan of gales
Comestibles
 f - 15 bread rations
 l - 8 slices of pizza
 A - 6 meat rations
 N - 2 fruits
 W - a beef jerky


   Skills:
 * Level 11.5 Fighting
 * Level 13.9 Axes
 * Level 5.8 Bows
 * Level 10.3 Armour
 + Level 4.0 Dodging
 * Level 11.0 Shields
 * Level 5.8 Invocations
 * Level 4.9 Evocations


You had 12 spell levels left.
You didn't know any spells.

Dungeon Overview and Level Annotations

Branches:
Dungeon (13/15)            Temple (1/1) D:4            Lair (0/6) D:10
    Orc (0/2) D:11
 Vaults: D:13-14

Altars:
Ashenzari
Cheibriados
Dithmenos
Elyvilon
Fedhas
Gozag
Hepliaklqana
Kikubaaqudgha
Makhleb
Nemelex Xobeh
Okawaru
Pakellas
Qazlal
Ru
Sif Muna
Trog
Uskayaw
Vehumet
Xom
Yredelemnul
Zin
The Shining One

Shops:
D:5 **%(   D:9 ((!

Annotations:
D:8 Maurice
D:13 Frances


Innate Abilities, Weirdness & Mutations

You have a pair of small horns on your head.
You have sharp toenails.
You have supernaturally acute eyesight. (SInv)
You possess an exceptional clarity of mind.
You have an increased reservoir of magic. (+10% MP)
You are somewhat resistant to further mutation.
You occasionally shout uncontrollably at your foes.
You expend magic power (3 MP) to strengthen your wands.


Message History

You block the skeletal warrior's attack.
You see here a short sword of venom.
You see here a robe.
You see here 2 arrows.
There is an open door here.
You see here an arrow.
Things that are here:
an uncursed longbow of flaming; a runed centaur barding You hit the skeletal warrior but do no damage.
You block the skeletal warrior's attack.
You slice the skeletal warrior!! You burn the skeletal warrior.
The skeletal warrior is heavily damaged.
You feel like a meek peon again.
You barely miss the skeletal warrior.
The skeletal warrior is heavily damaged.
The skeletal warrior hits you with a long sword.
* * * LOW HITPOINT WARNING * * *
You block the skeletal warrior's attack.
The skeletal warrior hits you with a battleaxe!
You die...

......# #.....######+#####.#....
......## #.....##........##.#.###
.......###.....##........##.#.###
##.............##........+..(.)..
#.............##........##......
#.............#.........((......
#.....###.....#........)###.....
#.....# #######.........###....)
#.....# #..@..........#.....
#.....##### #..z###.......#.....
##.........# #..zz.........#.....
...........# #...................
...........# #...................
...........# #...####............
...........# #...# #...........#
...........# #...# #...........#
...........# #...# #...........#


You could see 3 skeletal warriors.

Vanquished Creatures
  Nessos (D:12)
  A fire dragon (D:7)
  A hydra (D:12)
  Erolcha (D:8)
  A tengu warrior (D:7)
  2 skeletal warriors (D:12)
  3 unseen horrors
  Pikel (D:6)
  4 hill giants
  2 orc knights (D:7)
  5 ugly things
  2 deep elf magi
  A cyclops (D:11)
  2 manticores
  The ghost of Etesian the Firebug, a novice DEFE (Ossuary)
  A two-headed ogre (D:12)
  A troll (D:11)
  3 slime creatures (D:12)
  Grinder (D:6)
  3 wraiths
  7 yaks
  A hippogriff (D:11)
  2 hungry ghosts (D:8)
  2 mottled dragons
  A water moccasin (D:11)
  Duvessa (D:6)
  2 sky beasts
  10 orc warriors
  2 necrophages
  3 phantoms
  2 black bears (D:7)
  An eye of draining (D:12)
  7 ogres
  9 centaurs
  8 giant frogs
  2 big kobolds
  2 elf zombies (Ossuary)
  A gnoll sergeant (D:7)
  A water moccasin skeleton (D:8)
  Dowan (D:6)
  A scorpion (D:11)
  16 killer bees
  7 wights
  2 howler monkeys
  4 crimson imps
  2 centaur zombies (D:11)
  A giant frog zombie (D:9)
  3 jellies
  7 hounds
  3 giant frog skeletons
  9 orc priests
  19 orc wizards
  2 centaur skeletons
  3 iguanas
  Natasha (thrice) (D:2)
  8 worker ants
  A killer bee zombie (D:7)
  4 sheep (D:11)
  2 hound zombies (Ossuary)
  3 hound skeletons
  4 mummies (Ossuary)
  A worker ant zombie (D:7)
  18 gnolls
  16 adders
  4 shadow imps
  An adder skeleton (D:8)
  4 worms
  2 dart slugs
  10 giant geckos
  58 orcs
  6 giant cockroaches
  A gnoll zombie (Ossuary)
  20 hobgoblins
  6 jackals
  16 kobolds
  2 quokkas
  A ball python (D:3)
  9 bats
  A giant gecko skeleton (D:8)
  2 giant gecko zombies
  3 giant newts
  10 goblins
  3 hobgoblin zombies (Ossuary)
  2 kobold zombies (Ossuary)
  An orc zombie (Ossuary)
  11 rats
  A rat zombie (Ossuary)
415 creatures vanquished.

Vanquished Creatures (others)
  Erica (D:8)
  An orc (D:8)
2 creatures vanquished.

Grand Total: 417 creatures vanquished

Notes
Turn   | Place    | Note
--------------------------------------------------------------
     0 | D:1      | Dorikus the Hill Orc Fighter began the quest for the Orb.
     0 | D:1      | Reached XP level 1. HP: 19/19 MP: 1/1
   151 | D:1      | Reached XP level 2. HP: 26/27 MP: 2/2
   589 | D:1      | Reached skill level 3 in Axes
   946 | D:2      | Reached XP level 3. HP: 17/33 MP: 3/3
  1403 | D:2      | Found a shadowy altar of Dithmenos.
  1522 | D:2      | Noticed Natasha
  1533 | D:2      | Killed Natasha
  1533 | D:2      | Reached XP level 4. HP: 18/41 MP: 4/4
  1702 | D:2      | Noticed Natasha
  1707 | D:2      | Killed Natasha
  1807 | D:2      | Noticed Natasha
  2145 | D:2      | Killed Natasha
  2145 | D:2      | Reached skill level 1 in Dodging
  2145 | D:2      | Reached XP level 5. HP: 32/47 MP: 5/5
  2245 | D:2      | Gained mutation: You have supernaturally acute eyesight. (SInv) [potion of mutation]
  2245 | D:2      | Gained mutation: You have an increased reservoir of magic. (+10% MP) [potion of mutation]
  2245 | D:2      | Gained mutation: You have a pair of small horns on your head. [potion of mutation]
  2246 | D:2      | Gained mutation: You are somewhat resistant to further mutation. [potion of mutation]
  2246 | D:2      | Gained mutation: You occasionally shout uncontrollably at your foes. [potion of mutation]
  2503 | D:3      | Reached skill level 5 in Fighting
  2781 | D:3      | Reached XP level 6. HP: 55/56 MP: 6/6
  3229 | D:4      | Reached skill level 4 in Axes
  3233 | D:4      | Reached skill level 5 in Armour
  3708 | D:4      | Reached XP level 7. HP: 61/61 MP: 7/7
  4233 | D:4      | Found a staircase to the Ecumenical Temple.
  4243 | Temple   | Entered the Ecumenical Temple
  4322 | Temple   | Became a worshipper of Warmaster Okawaru
  4546 | D:5      | Entered Level 5 of the Dungeon
  4574 | D:5      | Found Keaqas's Antique Weapon Shoppe.
  4646 | D:5      | Reached skill level 5 in Axes
  4794 | D:5      | Reached skill level 5 in Shields
  5032 | D:5      | Found Hessawupn's Assorted Antiques.
  5050 | D:5      | Found Aptadim's Assorted Antiques.
  5075 | D:5      | Found Dyfanulo's Food Shop.
  5203 | D:5      | Reached * piety under Okawaru
  5203 | D:5      | Reached XP level 8. HP: 65/70 MP: 8/8
  5218 | D:5      | Reached skill level 6 in Axes
  5484 | D:6      | Noticed Duvessa
  5484 | D:6      | Noticed Dowan
  5495 | D:6      | Killed Dowan
  5496 | D:6      | Killed Duvessa
  5619 | D:6      | Found a sand-covered staircase.
  5629 | Ossuary  | Entered an ossuary
  5629 | Ossuary  | Noticed Etesian's ghost (novice DEFE)
  5646 | Ossuary  | Killed Etesian's ghost
  5646 | Ossuary  | Reached skill level 1 in Bows
  5646 | Ossuary  | Reached ** piety under Okawaru
  5655 | Ossuary  | Reached skill level 7 in Axes
  5998 | D:6      | Noticed Grinder
  6000 | D:6      | Paralysed by Grinder for 6 turns
  6011 | D:6      | Killed Grinder
  6011 | D:6      | Reached XP level 9. HP: 78/78 MP: 9/9
  6093 | D:6      | Reached skill level 8 in Axes
  6980 | D:6      | Noticed Pikel
  6989 | D:6      | Killed Pikel
  6989 | D:6      | Reached *** piety under Okawaru
  6989 | D:6      | Reached skill level 9 in Axes
  7102 | D:7      | Found a shattered altar of Ashenzari.
  7648 | D:7      | Noticed a deep elf mage
  7649 | D:7      | Noticed a manticore
  7649 | D:7      | Noticed a green ugly thing
  7664 | D:7      | Reached **** piety under Okawaru
  7664 | D:7      | Reached XP level 10. HP: 65/88 MP: 11/11
  7670 | D:7      | Killed a manticore
  7692 | D:7      | Killed a green ugly thing
  7692 | D:7      | Reached skill level 10 in Axes
  7705 | D:7      | Killed a deep elf mage
  7705 | D:7      | Reached ***** piety under Okawaru
  7705 | D:7      | Received a gift from Okawaru
  7880 | D:7      | Noticed an orc knight
  7880 | D:7      | Noticed an orc knight
  7886 | D:7      | Noticed a fire dragon
  7888 | D:7      | Noticed a hill giant
  7892 | D:7      | Noticed a tengu warrior
  7911 | D:7      | Killed a tengu warrior
  7923 | D:7      | Killed an orc knight
  7942 | D:7      | Killed a fire dragon
  7942 | D:7      | Received a gift from Okawaru
  7942 | D:7      | Reached skill level 1 in Invocations
  7942 | D:7      | Reached skill level 1 in Evocations
  7960 | D:7      | Killed an orc knight
  7960 | D:7      | Reached skill level 11 in Axes
  7960 | D:7      | Reached XP level 11. HP: 9/95 MP: 9/13
  8340 | D:7      | Killed a hill giant
  8910 | D:7      | Got an ancient dagger
  8911 | D:7      | Identified the +6 dagger "Giantslayer" {pierce, Int+3} (You found it on level 7 of the Dungeon)
  9264 | D:8      | Noticed Erica
  9273 | D:8      | Received a gift from Okawaru
  9290 | D:8      | Killed Erica
  9770 | D:8      | Noticed Erolcha
  9776 | D:8      | Killed Erolcha
  9786 | D:8      | Upgraded the game from 0.19-a0-805-g0a78ef0 to 0.19-a0-811-gf4045fb
  9792 | D:8      | Gained mutation: You expend magic power (3 MP) to strengthen your wands. [potion of mutation]
  9809 | D:8      | Noticed Maurice
  9836 | D:8      | Noticed a green ugly thing
  9846 | D:8      | Killed a green ugly thing
 10030 | D:8      | Found an ancient bone altar of Kikubaaqudgha.
 10331 | D:9      | Noticed an unseen horror
 10353 | D:9      | Killed an unseen horror
 10388 | D:9      | Gained mutation: You possess an exceptional clarity of mind. [potion of mutation]
 10526 | D:9      | Found Nypa's Distillery.
 10528 | D:9      | Found Juapan's Weapon Boutique.
 10530 | D:9      | Found Niajuz's Antique Weapon Shop.
 10534 | D:9      | Bought a potion of mutation for 27 gold pieces
 10635 | D:9      | Found a flagged portal.
 10653 | Bailey   | Entered a bailey
 11254 | D:9      | Found a sacrificial altar of Ru.
 11254 | D:9      | Found a basalt altar of Yredelemnul.
 11267 | D:9      | Found a snail-covered altar of Cheibriados.
 11472 | D:9      | Reached skill level 12 in Axes
 11495 | D:9      | Reached ****** piety under Okawaru
 11793 | D:9      | Found a deep blue altar of Sif Muna.
 12003 | D:10     | Entered Level 10 of the Dungeon
 12092 | D:9      | Bought the +8 war axe of the Rattle-Snake {flame, rN+} for 690 gold pieces
 12136 | D:10     | Noticed an unseen horror
 12139 | D:10     | Killed an unseen horror
 12139 | D:10     | Received a gift from Okawaru
 12139 | D:10     | Reached skill level 10 in Fighting
 12139 | D:10     | Reached XP level 12. HP: 106/106 MP: 16/16
 12160 | D:10     | Found a staircase to the Lair.
 12359 | D:10     | Reached skill level 10 in Shields
 12362 | D:10     | Reached skill level 5 in Bows
 13316 | D:11     | Received a gift from Okawaru
 13316 | D:11     | Reached skill level 13 in Axes
 13645 | D:11     | HP: 4/108 [white ugly thing (48)]
 14103 | D:11     | Found a staircase to the Orcish Mines.
 14649 | D:12     | Noticed a seven-headed hydra
 14656 | D:12     | Killed a three-headed hydra
 14932 | D:12     | Reached skill level 10 in Armour
 15146 | D:12     | Gained mutation: You have sharp toenails. [mutagenic meat]
 15194 | D:12     | Reached skill level 5 in Invocations
 15221 | D:12     | Reached XP level 13. HP: 85/114 MP: 18/18
 15430 | D:13     | Noticed Frances
 15430 | D:13     | Noticed Nessos
 15466 | D:12     | Killed Nessos
 15837 | D:12     | Received a gift from Okawaru
 16066 | D:12     | Slain by a skeletal warrior

Vault maps used:
D:1:      lemuel_arrival_behind_the_door_small
D:2:      grunt_dithmenos_smoke_and_mirrors, uniq_natasha
D:3:      first_bread
D:5:      serial_shops, kennysheep_mini, kennysheep_little_box,
          nicolae_shop_statue_plus, nicolae_shop_trees
D:6:      lightli_ossuary_entry_decrepit_ruins, uniq_grinder, uniq_duvessa,
          uniq_pikel
D:7:      ashenzari_altar_1, minmay_the_grid_2x2
D:8:      basic_altar, uniq_erolcha, uniq_maurice, uniq_erica
D:9:      minmay_shop_star, marbit_many_paths,
          gammafunk_temple_overflow_elements, special_room, enter_bailey_3,
          basic_altar
D:10:     lair_0_dummy
D:11:     orc_0_dummy, grunt_pizzeria
D:13:     basic_altar, serial_bayou, uniq_frances, uniq_nessos
Temple:   minmay_crystal_spiral_temple
Ossuary:  ossuary_minmay_tomb_2a
Bailey:   bailey_axe_2, bailey

Skill      XL: |  1  2  3  4  5  6  7  8  9 10 11 12 13 |
---------------+----------------------------------------+-----
Axes           | 3 4 5 7 9 11 12 13 | 13.9
Fighting       | 4 5 6 8 10 11 | 11.5
Armour         | 4 5 6 7 8 9 10 | 10.3
Shields        | 4 5 6 7 9 10 11 | 11.0
Dodging        | 1 2 3 4 |  4.0
Bows           | 1 3 4 5 |  5.8
Invocations    | 1 3 5 |  5.8
Evocations     | 1 3 4 |  4.9

Action                   |  1- 3 |  4- 6 |  7- 9 | 10-12 | 13-15 || total
-------------------------+-------+-------+-------+-------+-------++-------
Melee: War axe           |   115 |   155 |   328 |   790 |    59 ||  1447
       Headbutt          |       |    17 |    67 |   172 |    22 ||   278
       Morningstar       |       |       |       |     4 |       ||     4
 Fire: Longbow           |       |       |       |     7 |       ||     7
Invok: Heroism           |       |       |       |     6 |     2 ||     8
  Use: Scroll            |     5 |     4 |     5 |    15 |       ||    29
       Potion            |     2 |     2 |     1 |    18 |     4 ||    27
 Stab: Distracted        |       |       |       |     1 |       ||     1
  Eat: Chunk             |     2 |     7 |    13 |    26 |     3 ||    51
       Royal jelly       |       |       |     1 |     1 |       ||     2
       Beef jerky        |       |       |       |     1 |       ||     1
Armor: Scale mail        |    51 |    14 |       |       |       ||    65
       Chain mail        |       |    62 |   168 |   260 |    23 ||   513
       Ring mail         |       |       |    30 |       |       ||    30
Dodge: Dodged            |    39 |    32 |   154 |   205 |    11 ||   441
Block: Shield            |    69 |    79 |   196 |   406 |    28 ||   778
